 Dungeon Crawl Stone Soup version 0.29-a0-233-g1125b37a9b (webtiles) character file.

Game seed: 14904342206929434567

20 croobank the Sneak (level 2, -7/21 HPs)
             Began as an Octopode Delver on Mar 2, 2022.
             Shot with an arrow by a centaur (10 damage)
             ... on level 4 of the Dungeon.
             The game lasted 00:02:11 (407 turns).

croobank the Sneak (Octopode Delver)                 Turns: 407, Time: 00:02:12

Health: -7/21      AC:  1    Str: 11    XL:     2   Next: 79%
Magic:  2/2        EV: 13    Int: 12    God:
Gold:   18         SH:  0    Dex: 13    Spells: 1/1 levels left

rFire   . . .      SeeInvis .   a - +0 hand axe
rCold   . . .      Faith    .   (no shield)
rNeg    . . .      Spirit   .   (helmet restricted)
rPois   .          Reflect  .   (no amulet)
rElec   .          Harm     .   (no ring)
rCorr   .          Rampage  .   (no ring)
Will    .....                   (no ring)
Stlth   ++++......              (no ring)
HPRegen 0.07/turn               (no ring)
MPRegen 0.08/turn               (no ring)
                                (no ring)
                                (no ring)

@: lethally poisoned (-7 -> -12), hasted, very quick
A: almost no armour, amphibious, 8 rings, camouflage 1, gelatinous body 1,
(nimble swimmer 1), tentacles
a: no special abilities


You were on level 4 of the Dungeon.
You visited 1 branch of the dungeon, and saw 2 of its levels.

You collected 18 gold pieces.

Inventory:

Hand Weapons
 a - a +0 hand axe (weapon)
 h - a +0 spear
Wands
 f - a wand of digging (3)
 i - a wand of paralysis (11)
Scrolls
 b - a scroll of fog


   Skills:
 + Level 3.2 Fighting
 + Level 2.3 Axes
 + Level 2.3 Dodging
 + Level 6.8 Stealth


You had one spell level left.
You didn't know any spells.
Your spell library contained the following spells:

 Spells                   Type           Power      Damage    Failure   Level
 Static Discharge         Conj/Air       0%         N/A       45%         2
 Dispel Undead            Necr           0%         3d6       97%         4
 Sticky Flame             Conj/Fire      0%         2d3       97%         4


Dungeon Overview and Level Annotations

Branches:
Dungeon (5/15)
 Temple: D:4-7

Altars:
Qazlal
Uskayaw


Innate Abilities, Weirdness & Mutations

You cannot wear most types of armour.
You are amphibious.
You can wear up to eight rings at the same time.
Your skin changes colour to match your surroundings (Stealth+).
Your rubbery body absorbs attacks. (AC +1, EV +1)
((You are camouflaged when in or above water. (Stealth+)))
You have tentacles for arms and can constrict up to eight enemies at once.


Message History

Okay, then.
The centaur shouts!
The centaur wields a +0 shortbow.
The centaur shoots an arrow.
The arrow closely misses you.
The centaur shoots an arrow.
The arrow barely misses you.
The centaur shoots an arrow.
The arrow hits you.
As you read the scroll of fear, it crumbles to dust.
You assume a fearsome visage.
The centaur looks frightened!
A centaur comes into view.
Found a stone staircase leading up.
There is a stone staircase leading up here.
You start resting.
HP restored.
You climb upwards.
Found 10 gold pieces.
There is a stone staircase leading down here.
The helpless centaur fails to defend itself.
You hit the centaur but do no damage. You squeeze the centaur.
The centaur is moderately wounded.
The helpless adder fails to defend itself.
You hit the adder but do no damage. The centaur misses you.
The centaur barely misses you. The adder bites you.
Okay, then.
You feel yourself speed up. The centaur hits you.
The centaur kicks you but does no damage.
The adder closely misses you. The centaur hits you. The centaur kicks you.
You hit the centaur.
You tentacle-slap the centaur, but do no damage.
The centaur is heavily wounded.
You miss the adder. The adder bites you.
* * * LOW HITPOINT WARNING * * *
You are lethally poisoned!
The adder poisons you! The centaur closely misses you. The centaur kicks you.
* * * LOW HITPOINT WARNING * * *
The adder misses you.
You aren't carrying any potions.
* * * LOW HITPOINT WARNING * * *
You feel sick.
The centaur wields a +0 shortbow.
The centaur shoots an arrow.
The arrow hits you!
You die...

#. #. #. #.##
#..# #
.######c##.#.#
........>....#
###...@.S.###
#.##.#### #
#.# #.# ...
###


You could see a centaur and an adder.

Vanquished Creatures
  2 adders (D:5)
  An orc (D:5)
3 creatures vanquished.

Notes
Turn   | Place    | Note
-------+----------+-------------------------------------------
     0 | D:5      | croobank the Octopode Delver began the quest for the Orb.
     0 | D:5      | Reached XP level 1. HP: 16/16 MP: 1/1
    12 | D:5      | Found a hide-covered altar of Uskayaw.
    49 | D:5      | Reached XP level 2. HP: 7/21 MP: 2/2
    49 | D:5      | HP: 1/21 [adder (5)]
   142 | D:5      | Found a stormy altar of Qazlal.
   196 | D:5      | Noticed a centaur
   219 | D:5      | Noticed a centaur
   403 | D:4      | Noticed a centaur
   407 | D:4      | Shot with an arrow by a centaur

Illustrated notes

Levels and vault maps discovered:
D:4:      layout_loops_ring, serial_shops, kennysheep_mini
D:5:      layout_basic, eat_drink_and_be_merry_uskayaw,
          mainiacjoe_overflow_alcove_2, nicolae_overflow_crystal_walls,
          serial_shops, shop, minmay_curled_crystal, hangedman_decor_growths,
          uniq_prince_ribbit1, uniq_grinder

Action                   || total
-------------------------++-------
Melee: Hand axe          ||    13
       Constrict         ||     3
       Tentacles         ||     2
       Punch             ||     1
  Use: Scroll            ||     2
       Potion            ||     2
 Stab: Sleeping          ||     2
Armor: Skin              ||     1
Dodge: Dodged            ||    19

Table legend: (Time is in decaauts)
 A = Elapsed time spent in this place.
 B = Non-inter-level travel time spent in this place.
 C = Inter-level travel time spent in this place.
 D = Time resting spent in this place.
 E = Time spent auto-exploring this place.
 F = Levels seen in this place.
 G = Mean time per level.
                   A        B        C        D        E       F      G
               +--------+--------+--------+--------+--------+-----+--------+
         Total |    409 |    409 |      0 |    255 |     17 |   2 |  204.5 |
       Dungeon |    409 |    409 |      0 |    255 |     17 |   2 |  204.5 |
               +--------+--------+--------+--------+--------+-----+--------+

Top non-repeatable levels by time:
     D:5: 405 daAuts
     D:4: 3 daAuts
